Map: Mothership LE

Players

Centeno

  • Race: Terran Terran
  • League: Bronze
  • Spawn Location: 1:00

Mythshaker - Winner!

  • Race: Protoss Protoss
  • Spawn Location: 6:00

VOD

Have the link to the VOD?

Description

Time

  • Played on: Nov. 23, 2025, 10:29 p.m.
  • Length: 66:57
Show
View Real Time Build Order
Export as new Build Order

Centeno Terran 

Build Orders:  

Get SALT Encoding   

  12  0:11  Supply Depot  
  12  0:17  SCV  
  13  0:29  SCV  
  14  0:37  Barracks  
  14  0:42  SCV  
  15  0:51  Refinery  
  15  0:54  SCV  
  16  1:06  Engineering Bay  
  16  1:09  SCV  
  17  1:18  Refinery  
  17  1:21  SCV  
  18  1:31  Marine  
  19  1:49  Marine  
  20  2:07  Marine  
  21  2:25  Marine  
  22  2:42  Marine  
  23  2:49  Bunker  
  23  3:07  Marine  
  22  3:25  Marine  
  22  3:26  Factory  
  23  3:35  Orbital Command  
  23  3:48  Marine  
  23  3:55  Supply Depot  
  23  4:11  Factory Tech Lab  
  23  4:17  Marine  
  23  4:19  Supply Depot  
  23  4:34  Marine  
  23  4:35  Siege Tank  
  27  4:41  Supply Depot  
  27  4:52  Marine  
  28  5:03  Supply Depot  
  28  5:08  Hi-Sec Auto Tracking  
  28  5:27  Supply Depot  
  28  5:32  Siege Tank  
  31  6:07  Command Center  
  31  6:40  SCV  
  31  6:45  Siege Tank  
  35  6:52  SCV  
  36  6:55  Missile Turret  
  31  7:04  SCV  
  32  7:14  Marine  
  33  7:16  SCV  
  33  7:17  Siege Tank  
  37  7:28  SCV  
  38  7:32  Marine  
  38  7:49  Marine, Siege Tank  
  42  8:07  Marine  
  43  8:22  Missile Turret  
  43  8:25  Marine  
  44  8:50  Missile Turret  
  44  9:10  Missile Turret  
  44  9:43  Planetary Fortress  
  44  9:55  Missile Turret  
  44  10:03  Widow Mine  
  46  10:11  Missile Turret  
  46  10:20  Missile Turret  
  46  10:24  Widow Mine  
  48  10:32  Missile Turret  
  48  10:40  SCV  
  49  10:46  Widow Mine, SCV  
  52  10:52  Missile Turret  
  52  10:53  SCV  
  53  10:58  Refinery, SCV  
  53  10:59  Refinery  
  54  11:05  SCV  
  54  11:07  Widow Mine  
  54  11:10  SCV  
  58  11:17  SCV  
  57  11:23  SCV  
  58  11:28  Widow Mine  
  58  11:29  SCV  
  61  11:35  SCV  
  63  11:47  SCV x2  
  63  11:49  Siege Tank  
  67  11:59  SCV x2  
  69  12:03  Missile Turret  
  69  12:11  SCV x2  
  71  12:21  Cyclone  
  74  12:23  SCV x2  
  74  12:27  Missile Turret  
  74  12:29  Missile Turret  
  76  12:35  SCV  
  76  12:36  SCV  
  78  12:47  Missile Turret  
  75  12:54  Widow Mine  
  75  12:57  Missile Turret  
  77  13:15  Widow Mine  
  73  13:37  Widow Mine  
  75  13:46  Missile Turret  
  71  14:18  Cyclone  
  69  14:50  Cyclone  
  72  15:22  Cyclone  
  75  15:43  SCV x2  
  77  15:55  Cyclone, SCV x2  
  82  16:00  Refinery  
  82  16:07  SCV x2  
  84  16:19  SCV  
  85  16:25  Missile Turret  
  85  16:27  Cyclone  
  85  16:28  Command Center  
  85  16:29  Refinery  
  88  16:41  SCV  
  88  16:45  Missile Turret  
  89  16:53  SCV  
  90  16:59  Cyclone  
  93  17:05  Missile Turret, SCV  
  94  17:11  Command Center  
  94  17:27  Supply Depot  
  94  17:29  Supply Depot  
  94  17:39  Cyclone, SCV  
  98  17:46  Command Center  
  98  17:50  Command Center, Supply Depot  
  98  17:52  Supply Depot  
  98  18:01  Planetary Fortress  
  98  18:05  Missile Turret  
  98  18:11  Cyclone  
  101  18:14  Supply Depot  
  101  18:24  Missile Turret  
  101  18:25  Missile Turret  
  101  18:37  Supply Depot  
  77  18:43  Cyclone  
  77  18:44  Missile Turret x2  
  80  18:50  Bunker  
  80  19:02  Command Center, Missile Turret  
  80  19:04  Missile Turret  
  80  19:05  Missile Turret  
  80  19:15  Siege Tank, Orbital Command x2  
  83  19:22  Missile Turret  
  83  19:23  Missile Turret  
  83  19:25  Missile Turret  
  83  19:33  Starport  
  83  19:43  Missile Turret  
  83  19:44  Missile Turret  
  83  19:48  Siege Tank  
  86  19:55  Starport  
  86  19:58  Starport  
  86  20:02  Missile Turret  
  86  20:04  Sensor Tower  
  86  20:13  Starport  
  86  20:17  Planetary Fortress  
  86  20:22  Missile Turret  
  86  20:25  Orbital Command  
  86  20:33  Armory  
  86  20:36  Starport  
  86  20:42  Missile Turret  
  86  20:43  Neosteel Armor  
  86  20:54  Starport  
  86  21:03  Engineering Bay  
  86  21:04  Refinery  
  86  21:22  Armory  
  86  21:26  Thor  
  86  21:28  Refinery  
  92  21:39  Starport  
  92  21:42  SCV  
  93  21:52  Starport Reactor  
  93  21:53  Starport Reactor x2  
  93  21:57  Missile Turret  
  93  22:09  Thor  
  93  22:12  Starport Reactor  
  99  22:16  Starport Tech Lab  
  99  22:17  Starport Tech Lab, Missile Turret  
  99  22:18  Missile Turret  
  99  22:23  Terran Infantry Weapons Level 1  
  99  22:37  Missile Turret x2  
  99  22:38  Fusion Core  
  99  22:43  Terran Vehicle Weapons Level 1, Starport Tech Lab, Terran Ship Weapons Level 1  
  99  22:52  Thor  
  99  22:55  Missile Turret  
  105  22:58  Sensor Tower  
  105  23:00  Armory  
  105  23:09  Terran Infantry Armor Level 1  
  105  23:20  Viking  
  105  23:21  Viking x6  
  105  23:22  Viking x4  
  127  23:34  Thor  
  127  23:39  Missile Turret  
  133  23:47  Command Center  
  133  23:50  Viking x2  
  133  23:51  Viking x5  
  133  23:52  Viking x2  
  151  23:59  Missile Turret  
  151  24:17  Thor  
  151  24:19  Missile Turret  
  157  24:37  Terran Vehicle And Ship Armor Level 1  
  157  24:38  SCV  
  158  24:40  SCV x3  
  158  24:41  SCV  
  162  24:50  SCV  
  162  24:52  SCV x2  
  164  24:53  SCV x2  
  164  24:56  Battlecruiser  
  164  24:57  Battlecruiser  
  179  25:01  Missile Turret  
  179  25:02  SCV  
  179  25:04  SCV  
  179  25:05  SCV x3  
  184  25:14  SCV  
  184  25:16  SCV  
  184  25:17  SCV x2  
  184  25:20  Missile Turret  
  188  25:22  Ghost Academy  
  188  25:26  SCV  
  189  25:37  Ghost Academy  
  189  25:40  Missile Turret  
  189  25:54  Ghost Academy  
  189  26:00  Missile Turret  
  137  26:20  Missile Turret  
  137  26:29  Ghost Academy  
  137  26:43  Missile Turret  
  137  27:02  Missile Turret  
  137  27:23  Missile Turret  
  137  27:43  Missile Turret  
  137  28:04  Sensor Tower  
  137  28:09  Terran Vehicle Weapons Level 2  
  137  28:10  Terran Ship Weapons Level 2, Terran Vehicle And Ship Armor Level 2  
  137  28:11  Terran Infantry Weapons Level 2  
  137  28:12  Terran Infantry Armor Level 2  
  137  28:13  Viking  
  137  28:14  Viking x4  
  137  28:16  Battlecruiser x3  
  153  28:28  Refinery  
  153  28:51  Refinery  
  153  29:20  Battlecruiser  
  122  30:26  Battlecruiser x3  
  108  31:05  Terran Infantry Weapons Level 3, Terran Infantry Armor Level 3  
  102  31:30  Battlecruiser, Banshee x2  
  114  31:39  Missile Turret  
  114  31:40  Missile Turret  
  114  31:43  Missile Turret x3  
  110  32:02  Missile Turret  
  110  32:03  Missile Turret  
  110  32:04  Missile Turret x2  
  110  32:09  Nuke  
  110  32:13  Barracks Tech Lab  
  110  32:17  Smart Servos  
  110  32:27  Personal Cloaking  
  110  32:28  Nuke  
  110  33:01  SCV  
  111  33:12  SCV  
  112  33:13  SCV  
  113  33:24  SCV  
  113  33:26  SCV  
  115  33:36  Drilling Claws  
  116  33:44  Planetary Fortress  
  115  33:53  Siege Tank  
  118  34:15  Factory  
  118  34:25  Siege Tank  
  118  34:26  Battlecruiser  
  118  34:27  Banshee x2  
  135  34:58  Siege Tank  
  134  35:03  Unknown  
  133  35:30  Siege Tank  
  128  35:51  Battlecruiser x2  
  128  35:53  Banshee  
  143  36:02  Siege Tank  
  146  36:07  Factory Tech Lab  
  146  36:36  Banshee  
  149  36:55  Banshee  
  152  37:29  Command Center  
  152  37:48  Nuke x2  
  151  38:39  Widow Mine  
  153  38:53  Sensor Tower  
  153  39:00  Widow Mine  
  155  39:22  Widow Mine  
  145  40:36  Command Center  
  134  41:55  Missile Turret  
  134  42:15  Missile Turret  
  134  42:35  Missile Turret  
  122  43:07  Medivac  
  122  43:12  Planetary Fortress  
  124  43:16  Nuke  
  124  43:20  Nuke  
  124  43:37  Medivac  
  124  43:39  Ghost Academy  
  126  43:46  Terran Vehicle And Ship Armor Level 3, Terran Vehicle Weapons Level 3  
  126  43:52  Weapon Refit  
  126  43:57  Battlecruiser x2  
  126  44:00  Viking x2  
  142  44:07  Medivac  
  142  44:09  Ghost Academy  
  144  44:10  Barracks x2  
  144  44:11  Barracks  
  144  44:38  Battlecruiser  
  150  44:40  Command Center x2, Ghost Academy  
  150  44:45  Command Center  
  150  44:47  Missile Turret  
  150  44:49  Missile Turret  
  150  44:51  Missile Turret  
  150  44:52  Missile Turret  
  150  44:53  Missile Turret  
  150  45:10  Missile Turret  
  150  45:12  Ghost Academy  
  150  45:13  Missile Turret x2  
  150  45:14  Missile Turret  
  150  45:15  Viking, Missile Turret x2  
  150  45:16  Refinery, Viking x6  
  150  45:17  Refinery  
  164  45:25  Caduceus Reactor  
  164  45:35  Missile Turret  
  164  45:41  Ghost Academy  
  164  46:16  Barracks Reactor x3  
  164  46:21  Advanced Ballistics  
  164  46:23  Terran Ship Weapons Level 3  
  164  46:30  Missile Turret  
  164  46:38  Missile Turret  
  164  46:43  Missile Turret  
  166  47:51  Unknown  
  168  48:19  Unknown  
  145  48:48  Unknown  
  119  49:16  Unknown  
  104  49:38  Viking x4  
  106  49:39  Refinery, Viking x7, Missile Turret  
  106  49:40  Missile Turret x2  
  106  49:41  Refinery  
  106  49:42  Missile Turret x5  
  106  49:44  Missile Turret x2  
  106  49:45  Unknown, Missile Turret  
  126  49:46  Missile Turret  
  126  49:47  Missile Turret  
  126  50:02  Missile Turret  
  126  50:08  Viking x5  
  126  50:09  Viking x2  
  126  50:29  Viking x3  
  105  52:05  Battlecruiser  
  105  52:06  Viking x3  
  117  52:11  Marine x3  
  117  52:12  Marine x3  
  123  52:20  Nuke  
  123  52:29  Marine x4  
  126  52:30  Marine x2  
  126  52:34  Command Center  
  105  52:47  Marine x5  
  105  52:48  Marine  
  103  52:55  Marine  
  102  53:05  Marine x6  
  108  53:13  Marauder  
  110  53:22  Marine  
  110  53:23  Marine x5, Combat Shield  
  116  53:35  Marauder  
  116  53:40  Marine x2  
  116  53:41  Marine  
  121  53:56  Marauder  
  123  54:17  Marauder  
  121  56:16  Battlecruiser x2  
  121  56:17  Battlecruiser  
  139  56:23  Viking x3  
  145  56:34  Nuke  
  145  56:38  Nuke  
  145  56:53  Planetary Fortress  
  144  57:20  Battlecruiser  
  144  57:21  Battlecruiser  
  150  57:27  Planetary Fortress x2  
  79  58:59  Thor  
  85  59:07  Marine  
  85  59:08  Marine x5  
  84  59:25  Marine x2  
  84  59:26  Marine x4, Planetary Fortress  
  90  59:32  Missile Turret  
  90  59:33  Missile Turret  
  90  59:35  Missile Turret  
  90  59:37  Missile Turret  
  90  59:39  Missile Turret  
  90  59:40  Missile Turret  
  90  59:43  Marine x4  
  90  59:44  Marine x2  
  98  60:13  Marine x3  
  98  60:14  Marine x3  
  104  60:25  Unknown  
  104  60:31  Marine x5  
  104  60:32  Marine  
  110  60:37  Nuke  
  110  60:49  Marine x6  
  116  61:06  Marine  
  116  61:07  Marine x5  
  122  61:13  Medivac x2  
  126  61:24  Marine x2, Viking  
  126  61:25  Marine x4  
  134  61:42  Marine x3  
  134  61:43  Marine x3  
  140  62:00  Marine x4  
  140  62:01  Marine x2  
  146  62:18  Marine x3  
  149  62:25  Marine x3  
  152  62:36  Marine x3  
  155  62:43  Marine x3  
  158  62:53  Marine  
  158  62:54  Marine x2  
  161  63:01  Marine x3  
  164  63:11  Marine x2  
  164  63:12  Marine  
  167  63:18  Marine  
  167  63:19  Marine x2  
  41  65:29  Marine x6  
  44  65:47  Marine x2  
  47  66:00  Command Center  
  47  66:01  Missile Turret  
  47  66:03  Refinery, Missile Turret x2  
  42  66:04  Missile Turret  
  42  66:06  Missile Turret  
Show
View Real Time Build Order
Export as new Build Order

Mythshaker Protoss - Winner!

Build Orders:  

Get SALT Encoding   

  12  0:01  Probe  
  13  0:14  Probe  
  14  0:21  Pylon  
  14  0:26  Probe  
  15  0:46  Forge  
  15  0:51  Probe  
  15  0:53  Gateway  
  16  1:03  Probe  
  17  1:15  Probe  
  18  1:25  Pylon  
  18  1:37  Pylon  
  18  1:45  Photon Cannon  
  18  1:50  Pylon  
  18  1:58  Photon Cannon  
  18  2:09  Photon Cannon  
  18  2:13  Pylon  
  18  2:18  Photon Cannon  
  18  2:26  Photon Cannon  
  18  2:29  Probe  
  19  2:39  Photon Cannon  
  19  2:41  Probe  
  20  2:45  Photon Cannon  
  20  2:53  Probe  
  20  2:55  Photon Cannon  
  21  3:05  Photon Cannon  
  21  3:22  Cybernetics Core  
  21  3:24  Probe  
  22  3:28  Assimilator  
  22  3:32  Assimilator  
  22  3:36  Probe  
  23  3:43  Photon Cannon  
  23  3:48  Probe  
  24  4:04  Photon Cannon  
  24  4:11  Pylon  
  24  4:17  Photon Cannon  
  24  4:33  Photon Cannon  
  24  4:43  Shield Battery, Stalker  
  26  4:56  Shield Battery  
  26  5:00  Photon Cannon  
  26  5:03  Shield Battery  
  26  5:11  Stalker  
  28  5:31  Shield Battery, Nexus  
  28  5:35  Shield Battery  
  28  5:38  Stalker  
  30  5:43  Photon Cannon  
  30  6:12  Pylon  
  30  6:15  Shield Battery  
  30  6:21  Probe  
  31  6:27  Stalker  
  31  6:29  Probe  
  33  6:38  Probe  
  34  6:40  Pylon  
  34  6:43  Pylon  
  35  6:50  Probe  
  34  7:03  Probe  
  31  7:23  Photon Cannon  
  31  7:25  Stalker  
  33  7:35  Twilight Council  
  33  7:38  Gateway  
  33  7:39  Warp Gate  
  31  7:52  Stalker  
  31  7:53  Photon Cannon  
  33  7:59  Shield Battery  
  33  8:02  Shield Battery  
  33  8:19  Stalker  
  33  8:22  Gateway  
  35  8:31  Probe x2  
  37  8:43  Probe  
  37  8:46  Stalker  
  36  8:54  Pylon  
  38  8:55  Probe  
  38  8:59  Pylon  
  39  9:07  Probe  
  40  9:12  Pylon  
  40  9:13  Stalker  
  40  9:15  Pylon  
  42  9:23  Photon Cannon  
  40  9:28  Photon Cannon  
  38  9:43  Zealot x2  
  42  9:47  Charge  
  42  9:52  Shield Battery  
  42  10:02  Zealot  
  38  10:20  Pylon  
  36  10:23  Pylon  
  36  10:33  Probe  
  37  10:41  Probe  
  36  10:42  Probe  
  36  10:49  Probe  
  37  10:54  Probe  
  39  10:59  Probe  
  40  11:07  Probe  
  41  11:11  Probe  
  42  11:19  Protoss Shields Level 1  
  42  11:20  Zealot  
  42  11:21  Zealot  
  42  11:22  Zealot  
  48  11:29  Forge  
  48  11:50  Photon Cannon  
  48  11:53  Photon Cannon  
  48  11:55  Shield Battery  
  48  12:03  Nexus  
  48  12:09  Pylon  
  48  12:16  Pylon  
  48  12:37  Shield Battery  
  48  12:39  Shield Battery  
  42  12:54  Zealot  
  42  12:55  Zealot  
  42  12:56  Zealot  
  48  13:04  Shield Battery  
  48  13:07  Pylon  
  42  13:22  Sentry  
  42  13:23  Zealot  
  42  13:24  Zealot  
  48  13:36  Pylon  
  48  13:38  Pylon  
  48  13:40  Probe  
  49  13:43  Assimilator  
  49  13:45  Assimilator  
  43  13:52  Stalker, Probe  
  43  13:54  Stalker  
  48  13:57  Zealot  
  50  14:04  Probe  
  46  14:16  Probe  
  47  14:23  Zealot  
  47  14:24  Zealot  
  47  14:25  Zealot  
  45  15:01  Zealot  
  45  15:02  Zealot x2  
  45  15:06  Gateway  
  51  15:09  Gateway  
  51  15:11  Gateway  
  51  15:15  Gateway  
  51  15:18  Nexus  
  51  15:19  Protoss Shields Level 2  
  51  15:22  Probe  
  51  15:23  Protoss Ground Armor Level 1  
  52  15:30  Probe  
  53  15:39  Probe  
  53  15:42  Zealot  
  56  15:43  Zealot x2  
  60  15:52  Dark Shrine, Probe  
  60  15:55  Photon Cannon  
  61  15:59  Pylon  
  61  16:04  Probe  
  62  16:07  Zealot x2  
  62  16:09  Nexus  
  66  16:21  Shield Battery  
  66  16:23  Probe  
  67  16:56  Stargate  
  67  17:00  Pylon  
  67  17:04  Pylon  
  67  17:11  Stargate  
  67  17:13  Pylon, Probe  
  67  17:22  Probe  
  68  17:26  Assimilator  
  68  17:29  Assimilator  
  69  17:31  Probe  
  69  17:34  Protoss Shields Level 3  
  70  17:43  Probe  
  71  17:49  Probe  
  72  17:55  Probe  
  72  17:58  Void Ray  
  77  18:01  Protoss Air Armor Level 1, Probe  
  82  18:05  Zealot  
  82  18:06  Zealot, Void Ray  
  82  18:07  Zealot  
  82  18:08  Zealot  
  82  18:09  Zealot x2  
  82  18:10  Zealot  
  96  18:13  Probe  
  97  18:22  Probe  
  98  18:30  Probe  
  96  18:35  Gateway  
  96  18:38  Gateway  
  96  18:39  Probe  
  96  18:41  Gateway, Void Ray  
  74  18:51  Probe  
  74  18:52  Protoss Ground Armor Level 2  
  74  18:55  Void Ray  
  79  19:04  Probe  
  80  19:22  Blink  
  84  19:24  Void Ray  
  84  19:25  Stalker  
  84  19:26  Stalker  
  84  19:28  Stalker  
  84  19:29  Stalker x2  
  84  19:30  Stalker  
  96  19:35  Dark Templar  
  102  19:38  Void Ray  
  102  20:00  Pylon  
  102  20:01  Pylon  
  102  20:02  Pylon  
  102  20:03  Pylon  
  102  20:04  Nexus  
  106  20:07  Pylon, Void Ray  
  106  20:10  Protoss Air Weapons Level 1  
  106  20:11  Assimilator  
  106  20:13  Assimilator  
  106  20:19  Shield Battery  
  106  20:21  Shield Battery, Protoss Ground Weapons Level 1  
  106  20:24  Shield Battery  
  106  20:27  Photon Cannon  
  106  20:29  Photon Cannon  
  106  20:30  Photon Cannon  
  106  20:31  Photon Cannon  
  106  20:33  Photon Cannon  
  106  20:35  Photon Cannon  
  106  21:13  Dark Templar x2  
  106  21:14  Dark Templar  
  106  21:15  Dark Templar x2  
  106  21:16  Dark Templar  
  106  21:17  Dark Templar  
  120  21:25  Templar Archives  
  120  21:41  Fleet Beacon  
  120  21:42  Shadow Stride  
  120  21:53  Archon  
  120  21:54  Archon x2  
  120  21:58  Dark Templar  
  122  22:04  Archon  
  122  22:05  Psionic Storm  
  122  22:08  Dark Templar  
  122  22:09  Dark Templar  
  122  22:10  Dark Templar  
  122  22:11  Dark Templar  
  130  22:29  Void Ray  
  138  22:31  Void Ray  
  138  22:35  Probe  
  138  22:36  Assimilator  
  138  22:39  Assimilator  
  138  22:43  Probe  
  139  22:48  Probe  
  140  22:53  Probe  
  140  22:56  Probe x2  
  142  23:04  Probe  
  142  23:05  Probe  
  145  23:09  Pylon  
  145  23:11  Pylon  
  150  23:14  Probe, Void Ray  
  150  23:15  Pylon  
  150  23:17  Probe  
  150  23:18  Pylon  
  152  23:26  Probe  
  153  23:31  Photon Cannon  
  153  23:32  Dark Templar  
  153  23:34  Dark Templar x3  
  159  23:35  Dark Templar x2  
  159  23:36  Dark Templar  
  159  23:37  Dark Templar x2  
  159  23:38  Probe  
  172  23:50  Archon  
  172  23:51  Archon x3  
  172  23:52  Archon x2  
  172  23:54  Protoss Ground Armor Level 3  
  172  23:57  Dark Templar  
  172  24:02  Protoss Ground Weapons Level 2  
  174  24:17  Protoss Air Weapons Level 2  
  174  24:55  Pylon  
  174  24:58  Pylon x2  
  174  24:59  Pylon  
  174  25:01  Pylon  
  174  25:02  Pylon  
  174  25:04  Pylon  
  174  25:08  Pylon  
  174  25:09  Pylon  
  174  25:12  Pylon  
  174  25:13  Pylon x2  
  174  25:28  Photon Cannon  
  174  25:30  Photon Cannon  
  174  25:32  Shield Battery  
  174  25:34  Shield Battery  
  174  25:35  Photon Cannon  
  174  25:37  Shield Battery  
  174  25:40  Photon Cannon  
  174  25:42  Photon Cannon  
  174  25:45  Shield Battery  
  174  25:46  Photon Cannon  
  174  25:48  Shield Battery  
  174  25:49  Photon Cannon  
  174  25:52  Photon Cannon  
  170  25:57  Pylon  
  150  26:10  Dark Templar  
  102  26:11  Dark Templar  
  102  26:12  Dark Templar x2  
  102  26:13  Dark Templar x2  
  102  26:16  Dark Templar x2  
  102  26:17  Dark Templar  
  102  26:18  Dark Templar  
  76  26:51  High Templar  
  76  26:52  High Templar x2  
  76  26:53  High Templar  
  84  26:54  High Templar  
  84  26:55  High Templar  
  84  26:56  High Templar  
  84  26:57  High Templar  
  92  27:02  Stalker  
  92  27:03  Stalker  
  87  27:38  Shield Battery  
  74  27:56  Zealot x2  
  74  27:57  Zealot x2  
  74  27:58  Zealot x2  
  82  27:59  Zealot x2  
  82  28:00  Zealot  
  82  28:01  Zealot  
  76  28:31  Photon Cannon  
  76  28:32  Shield Battery  
  76  28:34  Shield Battery  
  76  28:35  Photon Cannon  
  76  28:37  Photon Cannon  
  76  28:38  Photon Cannon  
  76  28:41  Photon Cannon  
  76  28:42  Photon Cannon  
  76  28:45  Shield Battery, Photon Cannon  
  76  28:50  Stalker x2  
  76  28:51  Stalker  
  76  28:53  Stalker x2  
  76  28:54  Stalker x2  
  76  28:55  Stalker x2  
  92  28:56  Stalker  
  96  29:10  Flux Vanes  
  96  29:12  Protoss Ground Weapons Level 3  
  100  29:22  Void Ray  
  104  29:24  Void Ray  
  104  29:37  Dark Templar  
  104  29:38  Dark Templar x2  
  94  29:39  Dark Templar  
  94  29:41  Dark Templar  
  94  29:42  Dark Templar  
  92  29:48  Protoss Air Weapons Level 3  
  92  29:53  Stalker  
  92  29:54  Stalker x2  
  92  29:55  Stalker  
  102  30:02  Photon Cannon  
  102  30:03  Photon Cannon  
  102  30:04  Photon Cannon  
  102  30:05  Void Ray  
  102  30:06  Photon Cannon x2  
  102  30:07  Void Ray  
  102  30:08  Photon Cannon  
  102  30:12  Pylon  
  102  30:14  Pylon  
  98  30:18  Stalker  
  98  30:19  Stalker x2  
  98  30:20  Stalker  
  105  30:21  Stalker  
  105  30:22  Stalker  
  105  30:24  Stalker  
  105  30:25  Stalker  
  105  30:26  Stalker  
  105  30:27  Stalker  
  107  30:48  Void Ray  
  104  30:50  Void Ray  
  104  31:02  Pylon  
  102  31:06  Pylon  
  80  32:06  Void Ray  
  80  32:07  Void Ray  
  84  32:42  Void Ray  
  84  32:43  Void Ray  
  92  32:58  Nexus  
  92  32:59  Nexus  
  92  33:07  Protoss Air Armor Level 2  
  96  33:22  Void Ray  
  96  33:23  Void Ray  
  84  33:59  Tempest  
  84  34:00  Tempest  
  92  34:09  Zealot x2  
  96  34:10  Zealot x2  
  96  34:11  Zealot  
  96  34:12  Zealot  
  96  34:13  Zealot x2  
  96  34:14  Zealot  
  96  34:15  Zealot  
  112  34:21  Resonating Glaives  
  112  34:41  Tempest  
  106  35:05  Zealot  
  106  35:06  Zealot x2  
  106  35:07  Zealot x2  
  110  35:08  Zealot x2  
  110  35:09  Zealot  
  110  35:10  Zealot x2  
  116  35:33  Unknown, Probe  
  104  35:41  Probe  
  97  35:48  Pylon  
  98  35:51  Probe  
  98  35:52  Pylon, Probe  
  100  36:00  Pylon, Probe  
  100  36:03  Probe  
  102  36:09  Pylon, Probe  
  102  36:15  Probe  
  104  36:19  Nexus  
  104  36:27  Tempest  
  104  36:29  Tempest  
  112  36:43  Sentry  
  112  36:44  Sentry x2  
  112  36:45  Stalker  
  112  36:46  Stalker  
  112  36:47  Stalker, Zealot  
  124  36:48  Zealot  
  124  36:49  Zealot x2  
  132  37:10  Tempest  
  132  37:12  Tempest  
  140  37:18  Protoss Air Armor Level 3  
  140  37:23  Zealot  
  140  37:24  Zealot  
  140  37:25  Zealot  
  140  37:26  Zealot  
  140  37:27  Zealot x2  
  152  37:30  High Templar x2  
  152  37:31  High Templar  
  152  37:32  High Templar  
  150  38:23  Probe  
  151  38:32  Probe  
  152  38:41  Probe  
  152  38:48  Probe  
  153  38:53  Assimilator, Probe  
  155  38:56  Probe  
  155  38:58  Assimilator  
  156  39:04  Probe  
  156  39:05  Probe  
  156  39:08  Sentry x2  
  156  39:09  Sentry  
  164  39:10  Sentry  
  164  39:15  High Templar, Probe  
  164  39:16  High Templar x2  
  173  39:17  High Templar  
  175  39:26  Zealot x2  
  175  39:27  Probe  
  140  40:20  Zealot  
  140  40:21  Zealot x2  
  140  40:22  Zealot x2  
  140  40:23  Zealot x2  
  140  40:24  Zealot x2  
  140  40:25  Zealot  
  148  40:51  Zealot  
  148  40:52  Zealot x2  
  148  40:53  Zealot x2  
  148  40:54  Zealot  
  148  40:55  Zealot  
  148  40:56  Zealot x2  
  158  40:57  Zealot  
  156  41:18  Pylon  
  156  41:19  Pylon  
  156  41:21  Pylon  
  156  41:26  Pylon  
  156  41:31  Zealot  
  156  41:32  Zealot x2  
  160  41:35  High Templar  
  160  41:36  High Templar  
  160  41:37  High Templar  
  160  41:38  High Templar  
  106  42:29  Robotics Facility  
  102  42:32  Robotics Facility  
  81  43:15  Robotics Facility  
  81  43:18  Robotics Facility  
  81  43:20  Photon Cannon  
  81  43:22  Photon Cannon  
  81  43:26  Photon Cannon  
  81  43:28  Photon Cannon  
  81  43:30  Observer  
  81  43:31  Observer  
  83  43:42  Robotics Bay  
  83  43:49  Tempest x2  
  91  43:59  Stalker x2  
  95  44:07  Assimilator  
  95  44:32  Tempest x2  
  95  44:35  Assimilator  
  103  44:43  Assimilator  
  103  44:50  Nexus  
  103  45:15  Tempest x2  
  111  45:31  Pylon  
  111  45:32  Pylon  
  111  45:34  Photon Cannon  
  111  45:37  Shield Battery  
  111  45:39  Photon Cannon  
  111  45:45  Photon Cannon  
  111  45:48  Shield Battery  
  111  45:49  Photon Cannon  
  111  45:53  Pylon  
  111  45:57  Pylon  
  111  45:58  Tempest x2, Gateway  
  111  46:02  Gateway  
  119  46:06  Gateway  
  119  46:15  Gateway  
  119  46:25  Gateway  
  119  46:26  Probe  
  119  46:27  Gateway  
  120  46:34  Probe  
  121  46:41  Tempest  
  121  46:43  Probe  
  126  46:48  Zealot  
  126  46:49  Zealot  
  126  46:50  Zealot x2  
  126  46:51  Zealot x2  
  126  46:52  Zealot  
  126  46:53  Zealot x2  
  126  46:54  Zealot  
  146  46:55  Probe  
  146  46:59  Assimilator  
  147  47:07  Probe  
  144  48:41  Tempest x2  
  112  49:24  Tempest x2  
  120  49:33  Zealot  
  120  49:34  Zealot x2  
  120  49:35  Zealot  
  120  49:36  Zealot x2  
  132  49:38  Zealot  
  132  49:39  Zealot x2  
  132  49:40  Zealot x2  
  132  49:41  Zealot x2  
  132  49:42  Zealot  
  132  49:43  Zealot x2  
  152  50:07  Tempest x2  
  130  50:41  Zealot  
  130  50:42  Zealot x2  
  122  50:43  Zealot  
  122  50:44  Zealot  
  122  50:45  Zealot x2  
  122  50:46  Zealot x2  
  122  50:47  Zealot  
  122  50:48  Zealot  
  122  50:49  Tempest x2, Zealot x2  
  142  50:50  Zealot  
  142  50:51  Zealot  
  142  50:52  Zealot  
  118  51:25  Observer x3  
  116  51:32  Tempest x2  
  97  51:57  Stalker x3  
  97  51:59  Stalker  
  97  52:00  Stalker x2  
  105  52:02  Stalker  
  105  52:03  Stalker  
  105  52:05  Stalker  
  105  52:06  Stalker  
  105  52:07  Stalker  
  111  52:09  Stalker  
  111  52:15  Tempest x2  
  115  52:53  Dark Templar  
  115  52:54  Dark Templar  
  115  52:55  Dark Templar  
  115  52:58  Tempest x2  
  129  53:00  Sentry  
  129  53:03  Zealot  
  129  53:04  Zealot x2  
  129  53:05  Zealot  
  135  53:06  Zealot  
  135  53:07  Zealot  
  135  53:08  Zealot x2  
  135  53:09  Zealot x2  
  135  53:10  Zealot x2  
  134  54:06  Stalker x2  
  134  54:08  Stalker x2  
  142  54:10  Stalker  
  142  54:12  Stalker x2  
  142  54:13  Stalker  
  142  54:15  Stalker  
  148  54:41  Assimilator  
  110  55:13  Pylon  
  106  55:16  Pylon  
  106  55:20  Pylon  
  104  55:23  Pylon  
  104  55:26  Pylon  
  99  55:37  Stalker x2  
  99  55:38  Stalker x2  
  99  55:40  Stalker  
  99  55:42  Stalker x2  
  112  55:43  Stalker x2  
  112  55:44  Stalker  
  112  55:46  Stalker  
  112  55:47  Stalker x2  
  112  55:48  Stalker x2  
  112  55:49  Stalker  
  127  56:00  Photon Cannon  
  127  56:02  Shield Battery  
  127  56:05  Photon Cannon  
  127  56:07  Shield Battery  
  127  56:09  Photon Cannon  
  127  56:11  Photon Cannon  
  127  56:18  Shield Battery  
  127  56:41  Stalker x2  
  127  56:42  Nexus, Stalker x2  
  127  56:43  Stalker x2  
  127  56:46  Stalker  
  141  56:47  Stalker  
  141  56:48  Stalker x2  
  141  56:50  Stalker x2  
  141  56:54  High Templar x2  
  153  56:55  High Templar  
  153  56:57  High Templar  
  90  58:23  Stalker  
  90  58:24  Stalker x2  
  90  58:25  Stalker x2  
  90  58:26  Stalker x2  
  103  58:27  Stalker  
  103  58:28  Stalker  
  103  58:29  Stalker  
  103  58:31  Stalker x2  
  103  58:32  Stalker x2  
  103  58:33  Stalker  
  119  58:34  Stalker  
  121  59:29  Tempest x2  
  129  59:45  Probe  
  130  59:55  Assimilator  
  130  59:58  Assimilator  
  130  60:12  Pylon, Tempest x2  
  138  60:16  Pylon  
  138  60:19  Pylon  
  138  60:27  Pylon  
  138  60:44  Photon Cannon  
  138  60:48  Photon Cannon  
  138  60:52  Photon Cannon  
  138  60:54  Shield Battery, Tempest x2  
  146  60:58  Shield Battery  
  146  61:01  Shield Battery  
  146  61:05  Photon Cannon  
  146  61:12  Stargate  
  146  61:15  Stargate  
  146  61:18  Pylon  
  146  61:37  Tempest x2  
  154  62:08  Nexus  
  154  62:12  Assimilator  
  154  62:15  Assimilator  
  154  62:16  Pylon  
  154  62:20  Tempest  
  154  62:21  Pylon  
  158  62:28  Pylon  
  158  62:36  Shield Battery  
  158  62:40  Shield Battery  
  158  62:44  Photon Cannon  
  158  62:46  Photon Cannon x2  
  158  62:50  Photon Cannon  
  158  62:53  Photon Cannon x2  
  158  62:58  Pylon  
  158  63:00  Photon Cannon  
  158  63:02  Shield Battery  
  158  63:07  Shield Battery  
  148  63:54  Photon Cannon  
  138  64:10  Probe  
  139  64:18  Probe  
  140  64:28  Probe  
  136  64:40  Probe  
  131  64:52  Probe  
  94  65:09  Tempest x2  
  82  65:29  Tempest x2  
  90  65:52  Tempest x2  
  98  66:12  Tempest x2  
  106  66:27  Pylon  
  106  66:31  Pylon  
  114  66:41  Zealot x2  
  114  66:42  Zealot  
Tags
 
League
Bronze
Matchup
PvT
Spawn Locations
Cross Positions
Add a new tag
Caveats
  • Supply blocks, unpowered buildings, or Contaminate may cause inaccurate times.
  • Supply counts are checked every 10 seconds.